 Dungeon Crawl Stone Soup version 0.30-a0-165-g1891117ce2 (webtiles) character file.

Game seed: 17460668382569228788

251 Zonian the Sneak (level 6, 0/32 HPs)
             Began as a Vine Stalker Brigand on Sept 29, 2022.
             Engulfed by a steam dragon's steam (3 damage)
             ... on level 4 of the Dungeon.
             The game lasted 00:09:25 (3256 turns).

Zonian the Sneak (Vine Stalker Brigand)             Turns: 3256, Time: 00:09:27

Health: 0/32       AC:  6    Str: 13 (14) XL:     6   Next: 13%
Magic:  0/16       EV: 13    Int:  8 (11) God:
Gold:   229        SH:  0    Dex: 21 (23) Spells: 5/5 levels left

rFire   . . .      SeeInvis .    l - +0 dagger (venom)
rCold   . . .      Faith    .    (no shield)
rNeg    . . .      Spirit   +    b - +0 robe
rPois   .          Reflect  .    x - +1 helmet
rElec   .          Harm     .    c - +0 cloak
rCorr   .          Rampage  .    (no gloves)
Will    .....                    k - +0 pair of boots
Stlth   ++++......               j - amulet of regeneration
HPRegen 1.70/turn                A - +6 ring of dexterity
MPRegen 0.15/turn                u - ring of magical power

@: no status effects
A: fangs 2, regeneration 1, magic shield, antimagic bite, no potion heal 2
a: no special abilities


You were on level 4 of the Dungeon.
You visited 1 branch of the dungeon, and saw 4 of its levels.

You collected 229 gold pieces.

Inventory:

Hand Weapons
 a - a +2 dagger
 l - a +0 dagger of venom (weapon)
 q - a +3 short sword of flaming
Missiles
 d - 14 poisoned darts (quivered)
 e - 3 curare-tipped darts
 t - 4 javelins
Armour
 b - a +0 robe (worn)
 c - a +0 cloak (worn)
 h - a +0 buckler
 k - a +0 pair of boots (worn)
 x - a +1 helmet (worn)
Jewellery
 j - an amulet of regeneration (around neck)
 r - a ring of ice
 u - a ring of magical power (right hand)
 A - a +6 ring of dexterity (left hand)
Wands
 p - a wand of polymorph (10)
Scrolls
 f - a scroll of fog
 m - a scroll of immolation
 n - a scroll of magic mapping
 o - a scroll of enchant armour
 y - a scroll of enchant weapon {unknown}
Potions
 g - a potion of ambrosia {unknown}
 i - a potion of might {unknown}
 s - a potion of attraction {unknown}
 v - 3 potions of curing
 w - a potion of degeneration
 z - 2 potions of flight


   Skills:
 + Level 3.0 Fighting
 + Level 2.9 Short Blades
 + Level 3.0 Throwing
 + Level 2.1 Dodging
 + Level 5.9 Stealth


You had 5 spell levels left.
You didn't know any spells.
Your spell library contained the following spells:

 Spells                   Type           Power      Damage    Failure   Level
 Magic Dart               Conj           0%         1d3       41%         1
 Necrotise                Necr           0%         1d4       41%         1
 Searing Ray              Conj           0%         2d4       54%         2
 Hailstorm                Conj/Ice       0%         3d3       78%         3
 Vampiric Draining        Necr           0%         2d6       78%         3
 Fulminant Prism          Conj/Hex       0%         3d6       99%         4
 Ice Form                 Ice/Tmut       0%         N/A       99%         4
 Agony                    Necr           0%         N/A       100%        5
 Simulacrum               Ice/Necr       0%         N/A       100%        6


Dungeon Overview and Level Annotations

Branches:
Dungeon (4/15)
 Temple: D:4-7

Altars:
Cheibriados
Ru

Shops:
D:3 =

Annotations:
D:2 Ijyb
D:4 exclusions: black bear and steam dragon


Innate Abilities, Weirdness & Mutations

You have extremely sharp teeth.
Your natural rate of healing is unusually fast.
When hurt, damage is shared between your health and your magic reserves.
Your bite disrupts and absorbs the magic of your enemies.
Potions cannot restore your health.


Message History

Press: ? - help, Shift-Dir - straight line, f - adder
Aim: an adder (lightly wounded, very poisoned, 50% to hit)
You throw a javelin. The javelin closely misses the adder.
The javelin pierces through the steam dragon but does no damage.
The adder misses you. x2
A ball python comes into view.
You hit the adder.
The adder looks as sick as possible!
Your bite misses the adder.
The adder is severely wounded.
You kill the adder!
Unknown command.
The steam dragon bites you.
The steam dragon claws you but does no damage.
You see here an adder corpse.
You hit the steam dragon but do no damage.
You bite the steam dragon, but do no damage.
The steam dragon barely misses you. The steam dragon closely misses you.
You barely miss the steam dragon. Your bite misses the steam dragon.
The steam dragon breathes steam at you. The ball of steam hits you!
Unknown command.
You hit the steam dragon.
The steam dragon is lightly wounded.
You are engulfed in a cloud of scalding steam.
The steam dragon bites you.
The steam dragon claws you but does no damage.
Unknown command.
Okay, then.
It was a potion of degeneration.
There was something very wrong with that liquid.
You feel weakened.
You feel dopey.
You feel clumsy.
You are engulfed in a cloud of scalding steam.
The ball python barely misses you. The ball python grabs you.
The ball python constricts you. The steam dragon breathes steam at you.
The ball of steam hits you!
* * * LOW HITPOINT WARNING * * *
You escape the ball python's grasp.
You are engulfed in a cloud of scalding steam.
You die...

....##.## #.# ....##.######
#.# #.#.........# #.#
#...........###.#
#.#..#.###...##.##
#.........<#...÷.#
#.#..#.##(#####.## #
#[#....#.#####8.8###..#.#
#.......## #..§§@§D....(.
...#..#..###.#8.8#S.....#
#.##..#.#.##.##.###....^#
........##.#.##..# .....#
.........##.####..! ....#
###.####....#######.....#
#.....##................#
.......#.................D...
.......#.##...######### #...


You could see a steam dragon (catching breath) and a ball python.

Vanquished Creatures
  A black bear (D:4)
  A jelly (D:4)
  5 adders
  3 dart slugs
  3 orcs (D:3)
  7 ball pythons
  11 endoplasms
  5 giant cockroaches
  14 goblins
  5 hobgoblins
  5 kobolds
  3 quokkas
  6 bats
  5 frilled lizards
  3 rats
77 creatures vanquished.

Notes
Turn   | Place    | Note
-------+----------+-------------------------------------------
     0 | D:1      | Zonian the Vine Stalker Brigand began the quest for the
                  | Orb.
     0 | D:1      | Reached XP level 1. HP: 11/11 MP: 2/2
   298 | D:1      | Reached skill level 1 in Dodging
   298 | D:1      | Reached XP level 2. HP: 15/15 MP: 3/3
   331 | D:1      | Reached skill level 5 in Stealth
   735 | D:1      | Reached XP level 3. HP: 18/18 MP: 4/4
  1361 | D:2      | Gained mutation: Your natural rate of healing is unusually
                  | fast. [Vine Stalker growth]
  1361 | D:2      | Reached XP level 4. HP: 23/23 MP: 5/5
  1642 | D:2      | Found a snail-covered altar of Cheibriados.
  1837 | D:2      | Noticed Ijyb
  2207 | D:3      | Found Kutaog's Jewellery Emporium.
  2378 | D:3      | Reached XP level 5. HP: 27/27 MP: 6/6
  2601 | D:4      | Found a sacrificial altar of Ru.
  2630 | D:4      | Noticed a black bear
  2726 | D:4      | Noticed a steam dragon
  2883 | D:4      | Killed a black bear
  2884 | D:4      | Reached XP level 6. HP: 32/32 MP: 7/7
  3256 | D:4      | Engulfed by a steam dragon's steam

Illustrated notes

Levels and vault maps discovered:
D:1:      lemuel_arrival_funnel, layout_loops_corners, serial_park_tiny_2,
          minmay_cut_off
D:2:      kennysheep_the_goblin_king, layout_basic, basic_altar
D:3:      layout_rooms, serial_shops, shop_statue, minivault_14, minivault_11
D:4:      layout_loops_ring, old_standard_altar,
          minmay_temple_entry_statues_pillars, small_statue_intersection

Skill      XL: |  1  2  3  4  5  6 |
---------------+-------------------+-----
Dodging        | 1 2 |  2.1
Fighting       | 2 3 |  3.0
Stealth        | 5 |  5.9
Short Blades   | 2 |  2.9
Throwing       | 2 3 |  3.0

Action                   |  1- 3 |  4- 6 || total
-------------------------+-------+-------++-------
Melee: Dagger            |    75 |   107 ||   182
       Bite              |    12 |    31 ||    43
       Punch             |       |     2 ||     2
Throw: Dart              |       |    13 ||    13
       Javelin           |       |     1 ||     1
  Use: Scroll            |       |    10 ||    10
       Potion            |       |     1 ||     1
 Stab: Sleeping          |    13 |     5 ||    18
Armor: Robe              |    16 |    36 ||    52
Dodge: Dodged            |    28 |    52 ||    80

Table legend: (Time is in decaauts)
 A = Elapsed time spent in this place.
 B = Non-inter-level travel time spent in this place.
 C = Inter-level travel time spent in this place.
 D = Time resting spent in this place.
 E = Time spent auto-exploring this place.
 F = Levels seen in this place.
 G = Mean time per level.
                   A        B        C        D        E       F      G
               +--------+--------+--------+--------+--------+-----+--------+
         Total |   3236 |   3203 |     33 |    484 |   1797 |   4 |  809.0 |
       Dungeon |   3236 |   3203 |     33 |    484 |   1797 |   4 |  809.0 |
               +--------+--------+--------+--------+--------+-----+--------+

Top non-repeatable levels by time:
     D:1: 1350 daAuts
     D:2: 841 daAuts
     D:4: 678 daAuts
     D:3: 365 daAuts
